 Dungeon Crawl Stone Soup version 0.29-a0-397-g846e4a0bbc (webtiles) character file.

Game seed: 14177024479503276102

1547 thiscave3701365 the Grappler (level 8, 0/74 HPs)
             Began as a Troll Berserker on May 11, 2022.
             Was an Elder of Trog.
             Slain by a gnoll
             ... wielding a +0 spear
             ... led by a gnoll shaman
              (4 damage)
             ... on level 6 of the Dungeon.
             The game lasted 00:06:04 (4363 turns).

thiscave3701365 the Grappler (Troll Berserker)      Turns: 4363, Time: 00:06:06

Health: 0/74       AC:  4    Str: 28    XL:     8   Next: 57%
Magic:  7/7        EV: 10    Int:  3    God:    Trog [****..]
Gold:   166        SH:  0    Dex:  9    Spells: 7/7 levels left

rFire   . . .      SeeInvis .     - Unarmed
rCold   . . .      Faith    .   (no shield)
rNeg    . . .      Spirit   .   a - +0 animal skin
rPois   .          Reflect  .   (helmet restricted)
rElec   .          Harm     .   (no cloak)
rCorr   .          Rampage  .   (gloves unavailable)
Will    .....                   (boots unavailable)
Stlth   +.........              (no amulet)
HPRegen 1.02/turn               (no ring)
MPRegen 0.10/turn               (no ring)

@: on berserk cooldown, slowed, very slow
A: large, unfitting armour, claws 3, regeneration 1, shaggy fur 1, tough skin 1
a: Renounce Religion, Berserk, Trog's Hand, Brothers in Arms


You were on level 6 of the Dungeon.
You worshipped Trog.
Trog was greatly pleased with you.
You visited 1 branch of the dungeon, and saw 6 of its levels.

You collected 166 gold pieces.

Inventory:

Armour
 a - a +0 animal skin (worn)
Jewellery
 e - a ring of resist corrosion
 g - an amulet of regeneration
Wands
 r - a wand of iceblast (6)
 v - a wand of flame (28)
Scrolls
 c - 8 scrolls of identify {unknown}
 d - 2 scrolls of amnesia {unknown}
 f - 2 scrolls of summoning {unknown}
 i - 2 scrolls of silence {unknown}
 k - a scroll of enchant weapon {unknown}
 l - 2 scrolls of noise {unknown}
 p - a scroll of immolation {unknown}
 q - a scroll of magic mapping {unknown}
 s - a scroll of torment {unknown}
 w - a scroll of fog {unknown}
Potions
 b - 2 potions of brilliance {unknown}
 h - a potion of cancellation {unknown}
 j - 2 potions of might {unknown}
 m - 2 potions of heal wounds {unknown}
 n - 3 potions of curing {unknown}
 o - a potion of magic {unknown}
 t - a potion of attraction {unknown}
 u - a potion of flight {unknown}
 x - a potion of degeneration {unknown}


   Skills:
 - Level 2.5 Fighting
 - Level 2.5 Dodging
 + Level 11.1 Unarmed Combat


You had 7 spell levels left.
You didn't know any spells.
Your spell library was empty.

Dungeon Overview and Level Annotations

Branches:
Dungeon (6/15)
 Temple: D:4-7

Altars:
Nemelex Xobeh
Sif Muna


Innate Abilities, Weirdness & Mutations

You are too large for most types of armour.
You have claws for hands.
Your natural rate of healing is unusually fast.
You are covered in fur. (AC +1)
You have tough skin. (AC +1)


Message History

Unknown command.
You completely miss the jelly.
The jelly is lightly wounded.
You feel sick.
You are no longer poisoned.
The gnoll hits you with a +0 club. The jelly closely misses you.
The gnoll hits you from afar with a +0 spear.
Unknown command.
You are too injured to fight recklessly!
You are too injured to fight recklessly!
Unknown command.
You are too injured to fight recklessly!
Unknown command.
The gnoll completely misses you.
The gnoll hits you from afar with a +0 spear.
The jelly closely misses you. The jelly attacks as you move away!
The jelly closely misses you. The gnoll barely misses you.
The gnoll hits you but does no damage.
The white imp hits you but does no damage.
The gnoll hits you with a +0 club.
The gnoll hits you from afar with a +0 spear.
The jelly hits you.
You are splashed with acid!
* * * LOW HITPOINT WARNING * * *
The gnoll attacks as you move away! The gnoll hits you with a +0 club.
* * * LOW HITPOINT WARNING * * *
The white imp attacks as you move away!
The white imp hits you but does no damage.
The white imp gestures at you. The puff of frost hits you!
* * * LOW HITPOINT WARNING * * *
There is a stone staircase leading up, spattered with blood here.
The jelly hits you.
* * * LOW HITPOINT WARNING * * *
You are splashed with acid!
* * * LOW HITPOINT WARNING * * *
The gnoll hits you with a +0 club.
* * * LOW HITPOINT WARNING * * *
The gnoll hits you from afar with a +0 spear.
You die...

#... #.(.# .....
#..[##...##.....
#.....>.........
#........)..?...
#.......).......
#####..........
#..g##.....
#Jg5##.....
#.@........
#..†.......
#..........
#...##.....
#..)# .....
##### .... ....


You could see a jelly, 2 gnolls and a white imp.

Vanquished Creatures
  Sigmund (D:3)
  3 black bears
  2 ogres (D:5)
  A phantom (D:6)
  A bullfrog (D:5)
  A scorpion (D:6)
  2 necrophages (D:5)
  3 killer bees (D:5)
  3 hounds
  An orc priest (D:4)
  2 gnoll shamans
  Terence (D:3)
  Jessica (D:3)
  2 iguanas (D:5)
  10 gnolls
  4 adders
  2 dart slugs
  5 orcs
  6 endoplasms
  3 giant cockroaches (D:1)
  8 goblins
  7 hobgoblins
  9 kobolds
  2 quokkas
  4 ball pythons
  10 bats
  8 frilled lizards
  14 rats
116 creatures vanquished.

Notes
Turn   | Place    | Note
-------+----------+-------------------------------------------
     0 | D:1      | thiscave3701365 the Troll Berserker began the quest for the
                  | Orb.
     0 | D:1      | Reached XP level 1. HP: 22/22 MP: 0/0
   161 | D:1      | Reached XP level 2. HP: 10/29 MP: 1/1
   519 | D:1      | Reached ** piety under Trog
   620 | D:1      | Reached XP level 3. HP: 36/36 MP: 2/2
   921 | D:1      | Reached skill level 4 in Unarmed Combat
  1900 | D:3      | Noticed Jessica
  1903 | D:3      | Killed Jessica
  1904 | D:3      | Reached XP level 4. HP: 44/44 MP: 3/3
  1906 | D:3      | Noticed Sigmund
  1910 | D:3      | Noticed Terence
  1918 | D:3      | Killed Sigmund
  1919 | D:3      | Reached skill level 6 in Unarmed Combat
  1919 | D:3      | Reached XP level 5. HP: 31/50 MP: 4/4
  1921 | D:3      | Killed Terence
  1922 | D:3      | Reached XP level 6. HP: 34/59 MP: 5/5
  2176 | D:3      | Reached skill level 7 in Unarmed Combat
  2290 | D:3      | Noticed an eye of devastation
  2292 | D:3      | Found a faded altar of an unknown god.
  2294 | D:3      | Noticed a shining eye
  2294 | D:3      | Noticed a floating eye
  2294 | D:3      | Noticed an eye of devastation
  2308 | D:3      | Reached *** piety under Trog
  2966 | D:4      | Found a sparkling altar of Nemelex Xobeh.
  3342 | D:5      | Entered Level 5 of the Dungeon
  3378 | D:5      | Reached XP level 7. HP: 53/66 MP: 6/6
  3380 | D:5      | Reached skill level 8 in Unarmed Combat
  3566 | D:5      | Reached skill level 9 in Unarmed Combat
  3676 | D:5      | Reached XP level 8. HP: 51/74 MP: 7/7
  3859 | D:5      | Reached skill level 10 in Unarmed Combat
  3888 | D:5      | Reached **** piety under Trog
  4184 | D:5      | Found a shimmering blue altar of Sif Muna.
  4352 | D:6      | Reached skill level 11 in Unarmed Combat
  4363 | D:6      | Slain by a gnoll

Illustrated notes

Levels and vault maps discovered:
D:1:      mushboom_english_gardens, layout_basic, serial_glass, glass_columns_a,
          glass_columns_b, item_on_display_a, corner_web_ring,
          corexii_leaking_fountain, minmay_rat_gold_closets
D:2:      layout_loops_ring
D:3:      layout_rooms, hellmonk_ecumenical_altar_watching_god, uniq_sigmund,
          uniq_jessica, uniq_terence
D:4:      layout_basic, mainiacjoe_overflow_alcove_4
D:5:      layout_basic, led_sif_book
D:6:      layout_gridville

Skill      XL: |  1  2  3  4  5  6  7  8 |
---------------+-------------------------+-----
Unarmed Combat | 4 6 7 9 11 | 11.1
Fighting       | |  2.5
Dodging        | |  2.5

Action                   |  1- 3 |  4- 6 |  7- 9 || total
-------------------------+-------+-------+-------++-------
Melee: Unarmed           |   135 |    82 |    72 ||   289
       Punch             |     2 |       |     3 ||     5
Invok: Berserk           |     1 |     1 |     3 ||     5
 Stab: Sleeping          |     1 |       |       ||     1
Armor: Animal skin       |    47 |    24 |    23 ||    94
Dodge: Dodged            |    72 |    33 |    44 ||   149

Table legend: (Time is in decaauts)
 A = Elapsed time spent in this place.
 B = Non-inter-level travel time spent in this place.
 C = Inter-level travel time spent in this place.
 D = Time resting spent in this place.
 E = Time spent auto-exploring this place.
 F = Levels seen in this place.
 G = Mean time per level.
                   A        B        C        D        E       F      G
               +--------+--------+--------+--------+--------+-----+--------+
         Total |   4369 |   4157 |    212 |    627 |   2907 |   6 |  728.2 |
       Dungeon |   4369 |   4157 |    212 |    627 |   2907 |   6 |  728.2 |
               +--------+--------+--------+--------+--------+-----+--------+

Top non-repeatable levels by time:
     D:1: 1142 daAuts
     D:5: 1012 daAuts
     D:4: 793 daAuts
     D:2: 713 daAuts
     D:3: 689 daAuts
     D:6: 18 daAuts
